[Event "*** Titled Tuesday Blitz"]
[Site "Chess.com"]
[Date "2019.09.03"]
[Round "8"]
[White "DrMelekess"]
[Black "SirMittensofMittensville"]
[Result "1-0"]
[WhiteElo "2711"]
[BlackElo "2542"]
[TimeControl "180+2"]
[EndTime "16:56:01 PDT"]
[Termination "DrMelekess won by resignation"]

1. d4 Nf6 2. Nf3 e6 3. c4 Bb4+ 4. Bd2 Bxd2+ 5. Qxd2 O-O 6. Nc3 d5 7. e3 Qe7 8. Rc1 Rd8 9. cxd5 exd5 10. Be2 Nc6 11. O-O Bg4 12. Na4 Ne4 13. Qd1 Rd6 14.
Nc5 Nxc5 15. Rxc5 Nd8 16. Ne5 Bxe2 17. Qxe2 Ne6 18. Rc2 c6 19. b4 a6 20. a4 Nc7 21.
Rb1 Rdd8 22. h3 Re8 23. Qg4 Red8 24. Nd3 Rab8 25. Nc5 Qd6 26. Qf5 g6 27. Qg5 Kg7 28.
Rbc1 Qf6 29. Qg4 Qe7 30. Qf4 h6 31. Qg3 Rdc8 32. Nd3 Kh7 33. Ne5 Kg7 34. Nxc6 bxc6 35. Rxc6 Qxb4 36. Rxc7 Rxc7 37. Qe5+ Kg8 38. Qxc7 Rf8 39.
a5 Qa4 40. Qb6 Qa3 41. Rf1 Qd3 42. Qc6 Qb5 43. Qxb5 axb5 44. Rb1 Rb8 45. a6 Kg7 46. a7 Ra8 47. Rxb5 Rxa7 48. Rxd5 h5 49. h4 Ra2 50. g3 Rd2 51. Kg2 Kf6 52. Kf3 Ke6 53.
Ra5 Kf6 54. Ra1 Ke6 55. Re1 Kf6 56. Re2 Rd1 57. Rc2 Ke6 58. Ke4 Kd6 59. Ra2 Rf1 60. f3 Rg1 61. Kf4 Rd1 62. Ra6+ Ke7 63. Ra4 Kf6 64. e4 Rd3 65. d5 Kg7 66. Ra7 Kg8 67. Ra2 Kg7 68. Re2 Kf8 69. Re3 Rd1 70. Ra3 Rd2 71.
Ke5 Kg7 72. f4 Re2 73. d6 Rd2 74. Ra5 Rd3 75. Rd5 1-0

[Event "*** Titled Tuesday Blitz"]
[Site "Chess.com"]
[Date "2019.09.03"]
[Round "8"]
[White "NormWeinstein"]
[Black "ChristopherYoo"]
[Result "1/2-1/2"]
[WhiteElo "2422"]
[BlackElo "2578"]
[TimeControl "180+2"]
[EndTime "16:56:17 PDT"]
[Termination "Game drawn by repetition"]

1. e4 c5 2. Nf3 d6 3. Nc3 Nf6 4. e5 dxe5 5. Nxe5 a6 6. g3 Qd6 7.
Qe2 Nc6 8. Nxc6 Qxc6 9. Rg1 Bg4 10. Qe3 O-O-O 11. Bg2 Qc7 12. d3 e6 13. Bd2 Nd5 14. Nxd5 exd5 15. h3 Bd6 16. hxg4 Rhe8 17. Be4 Qc6 18.
f3 Qa4 19. b3 Qa3 20. Bc3 d4 21.
Bxd4 cxd4 22. Qe2 g6 23. g5 h6 24. f4 hxg5 25. fxg5 Qa5+ 26. Kf1 Qxg5 27. Qf3 Re7 28. g4 Rh8 29. Re1 Rh2 30. Rg2 Rh1+ 31. Rg1 Rxg1+ 32.
Kxg1 Kb8 33. Re2 f5 34. Bd5 fxg4 35. Qf8+ Ka7 36. Rxe7 Bxe7 37. Qf7 Qe3+ 38. Kg2 Qe2+ 39. Kg3 Bd6+ 40. Kh4 Be7+ 41. Kg3 Kb6 42. Qe6+ Qxe6 43.
Bxe6 Kc5 44. a3 Kb6 45. b4 a5 46. bxa5+ Kxa5 47. a4 Kxa4 48. Kxg4 Kb4 49. Bb3 Kc3 50. Kf4 g5+ 51. Kg4 b5 52. Kf5 Kd2 53. Ke4 Bf6 54. Kf5 Bd8 55. Ke4 Kc3 56. Kf5 b4 57. Ke4 Bc7 58.
Kf5 Bf4 59. Ke4 Kd2 60. Kf5 Be3 61. Kg4 Ke2 62. Ba4 Bd2 63. Bb3 Kf2 64. Ba4 Bc1 65.
Bb3 Ke2 66. Ba4 Be3 67. Bb3 Kd2 68. Ba4 Kc1 69. Bb3 Kb2 70. Kf3 Ka3 71. Kg4 Bd2 72.
Kf3 Kb2 73. Kg4 Kc1 74. Ba4 Kd1 75. Bb3 Be3 76. Ba4 Bf4 77. Bb3 Kd2 78. Ba4 Ke3 79.
Bb3 Kf2 80. Ba4 Be3 81. Bb3 Bc1 82. Ba4 Bd2 83. Bb3 Bc1 84. Ba4 Ke2 85. Bb3 Kd1 86. Ba4 Bd2 87. Bb3 Kc1 88. Ba4 Be3 89. Bb3 Kb2 90.
Ba4 Bd2 91. Bb3 Ka3 92. Kf3 Kb2 93. Kg4 1/2-1/2

[Event "*** Titled Tuesday Blitz"]
[Site "Chess.com"]
[Date "2019.09.03"]
[Round "8"]
[White "chegueps"]
[Black "przemekpiotrowski"]
[Result "1-0"]
[WhiteElo "2553"]
[BlackElo "2404"]
[TimeControl "180+2"]
[EndTime "16:56:45 PDT"]
[Termination "chegueps won by resignation"]

1. e4 c5 2. Nf3 Nc6 3. Bb5 g6 4. c3 Bg7 5. d4 cxd4 6. cxd4 Qb6 7. Nc3 Nxd4 8. Nd5 Nxf3+ 9. Qxf3 Qd8 10. Bf4 e5 11. Rc1 exf4 12. Nc7+ Kf8 13. Nxa8 Qa5+ 14. Kd1 Ne7 15. Qd3 Bxb2 16. Rc2 Be5 17. Ke2 Kg7 18. Rhc1 d5 19. Nc7 dxe4 20. Qxe4 Bxc7 21. Qd4+ f6 22. Rxc7 Qxb5+ 23. Ke1 Re8 24. Qd6 Kf7 25. f3 b6 26.
R1c6 Qb1+ 27. Kf2 Qb2+ 28. Rc2 Qb5 29. Qxf4 Ba6 30. R2c6 Kg8 31. Qxf6 Qe2+ 32. Kg3 Bc8 33. Rxe7 Qxe7 34. Qxe7 Rxe7 35. Rxc8+ Kg7 36. Rc2 Rb7 37. h4 Kf6 38. Kf4 a5 39. Rc6+ Kf7 40. a4 b5 41. axb5 Rxb5 42. g4 h5 43. g5 Rb4+ 44. Kg3 a4 45. Rf6+ Kg7 46. Ra6 Rc4 47. Ra7+ Kf8 48. f4 Rc3+ 49. Kf2 a3 50. Kg2 Rb3 51. Kf2 Rb2+ 52. Kf3 a2 53. Ke4 Re2+ 54. Kd5 Kg8 55. Ra8+ Kf7 56. Ra7+ Kf8 57. Kd6 Rf2 58. Ke5 Rb2 59. Ra8+ Ke7 60. Ra7+ Kf8 61. f5 Rb5+ 62. Kf6 Rb6+ 63. Ke5 Rb5+ 64. Ke4 gxf5+ 65. Kf4 Rb4+ 66. Kxf5 Rxh4 67. Kg6 Rb4 68. Rxa2 h4 69. Kh7 Rb7+ 70. Kh6 h3 71. g6 Rb4 72. Rh2 Rh4+ 73. Kg5 Rh8 74. Kf6 Rh4 75. Rb2 Rf4+ 76. Kg5 Ra4 77. Kh6 Rh4+ 78. Kg5 h2 79. Rb8+ Ke7 80. g7 h1=Q 81.
g8=Q Rh5+ 82. Kg6 Rh6+ 83. Kg7 Qh5 84. Qd8+ Ke6 85. Rb6+ Kf5 86. Rb5+ Kg4 87. Qd4+ Kg3 88. Rb3+ 1-0

[Event "*** Titled Tuesday Blitz"]
[Site "Chess.com"]
[Date "2019.09.03"]
[Round "8"]
[White "ahkashefi2800"]
[Black "Ginzburg_Yakov"]
[Result "1/2-1/2"]
[WhiteElo "2145"]
[BlackElo "2517"]
[TimeControl "180+2"]
[EndTime "16:59:08 PDT"]
[Termination "Game drawn by 50-move rule"]

1. d4 d5 2. c4 c6 3. Nc3 Nf6 4. Nf3 dxc4 5. e4 b5 6. e5 Nd5 7.
a4 e6 8. axb5 Nxc3 9. bxc3 cxb5 10. Ng5 Bb7 11. Qh5 g6 12. Qg4 Bd5 13. Be2 Nc6 14. Bf3 a5 15. Ne4 Be7 16. O-O Qd7 17. Bg5 O-O-O 18. Nf6 Bxf6 19. Bxf6 Kb7 20. Rfb1 Ka6 21.
Bxd5 Qxd5 22. Qf4 Qd7 23. Qc1 Rb8 24. Bxh8 Rxh8 25. Qa3 Qe7 26. Qa2 Rd8 27. h3 h5 28.
Qe2 Rd5 29. Ra2 Qb7 30. Rab2 a4 31. Qxc4 Na5 32. Qd3 Qc6 33. Rb4 Nc4 34. Ra1 Nb6 35. Kh2 Ka5 36. Kg3 Rd7 37. f3 Nd5 38. Rb2 Nxc3 39.
Rc1 b4 40. Rbc2 Rc7 41. Kh4 Qd7 42. Rxc3 Qe7+ 43. Kg3 bxc3 44. Rxc3 Rxc3 45. Qxc3+ Kb5 46. Qd3+ Kb6 47. Qb1+ Ka5 48. Qe1+ Qb4 49. Qe3 a3 50. d5 exd5 51. Qa7+ Kb5 52. Qxf7 h4+ 53. Kh2 a2 54. Qxd5+ Qc5 55. Qxa2 Qxe5+ 56. Kg1 Qe1+ 57. Kh2 Qg3+ 58. Kh1 g5 59. Qb1+ Kc4 60. Kg1 Kd5 61. Qe4+ Kd6 62. Kf1 Kc5 63. Qe3+ Kc4 64. Qe4+ Kc5 65. Kg1 Kd6 66.
Qd4+ Kc6 67. Qc3+ Kd5 68. Qd2+ Kc6 69. Qc2+ Kd5 70. Qa2+ Kc6 71. Qf2 Qf4 72. Qc2+ Kd5 73. Qd1+ Kc6 74. Kf1 Qe3 75. Qc2+ Kd5 76. Qd1+ Kc6 77.
Qc2+ Kd5 78. Qf2 Qc1+ 79. Qe1 Qf4 80. Kg1 Kd6 81. Kh1 Kd5 82. Qg1 Kc6 83. Qh2 Qe3 84. Qg1 Qf4 85. Qd1 Kc5 86. Kg1 Qg3 87. Kf1 Kc6 88. Qd4 Kc7 89. Qg4 Qe5 90. Qc4+ Kd6 91.
Qd3+ Kc5 92. Qc2+ Kd6 93. Qd1+ Kc6 94. Qa4+ Kc7 95. Qa7+ Kc6 96. Qa8+ Kd7 97. Qb7+ Ke6 98.
Qc8+ Kf7 99. Qd7+ Kg6 100. Qc6+ Kf7 101. Qc4+ Kf6 102. Kf2 Qb2+ 103. Qe2 Qd4+ 104. Kf1 Kf5 105. Qf2 Qa1+ 106. Qe1 Qa6+ 107. Kg1 Qb6+ 108. Kh2 Qd6+ 1/2-1/2

[Event "*** Titled Tuesday Blitz"]
[Site "Chess.com"]
[Date "2019.09.03"]
[Round "9"]
[White "MarcoRiehle"]
[Black "Kildepiotr"]
[Result "1-0"]
[WhiteElo "2700"]
[BlackElo "2524"]
[TimeControl "180+2"]
[EndTime "17:02:27 PDT"]
[Termination "MarcoRiehle won by resignation"]

1. e4 g6 2. d4 Bg7 3. c4 d6 4.
Nc3 Nc6 5. Be3 e5 6. d5 Nd4 7. Nge2 Nxe2 8. Bxe2 Ne7 9. g4 c5 10. Qd2 O-O 11. O-O-O f5 12. gxf5 gxf5 13. Bg5 f4 14. Rdg1 Kh8 15. Bh5 Bd7 16. f3 a6 17. Qg2 Be8 18. Bg4 h6 19. Bh4 Ng6 20. Bxd8 1-0

[Event "*** Titled Tuesday Blitz"]
[Site "Chess.com"]
[Date "2019.09.03"]
[Round "9"]
[White "grzechu96"]
[Black "Valuebet2000"]
[Result "0-1"]
[WhiteElo "2584"]
[BlackElo "2515"]
[TimeControl "180+2"]
[EndTime "17:02:50 PDT"]
[Termination "Valuebet2000 won by resignation"]

1. e4 c6 2. d4 d5 3. Nc3 dxe4 4. Nxe4 Bf5 5. Ng3 Bg6 6. Nh3 e6 7. Nf4 Bd6 8. Ngh5 Bxh5 9. Nxh5 g6 10. Ng3 Nf6 11. Bd3 O-O 12. c3 Nbd7 13. O-O e5 14. dxe5 Nxe5 15. Bc2 Qc7 16. Bg5 Nd5 17. Ne4 Be7 18. Bh6 Rfe8 19. Bb3 Rad8 20. Qc2 Ng4 21. f4 Nxh6 0-1

[Event "*** Titled Tuesday Blitz"]
[Site "Chess.com"]
[Date "2019.09.03"]
[Round "9"]
[White "jorquerino"]
[Black "Gentlejimmy7"]
[Result "0-1"]
[WhiteElo "2309"]
[BlackElo "2502"]
[TimeControl "180+2"]
[EndTime "17:02:57 PDT"]
[Termination "Gentlejimmy7 won by resignation"]

1. e4 c5 2. Nc3 e5 3. Nf3 Nc6 4. Bc4 g6 5. d3 Bg7 6. a4 Nf6 7. h3 O-O 8. O-O d6 9. Nh2 Nh5 10. Ne2 Kh8 11. f4 exf4 12. Nxf4 Bd4+ 0-1

[Event "*** Titled Tuesday Blitz"]
[Site "Chess.com"]
[Date "2019.09.03"]
[Round "9"]
[White "Iustin106"]
[Black "chessking2151"]
[Result "0-1"]
[WhiteElo "2506"]
[BlackElo "2622"]
[TimeControl "180+2"]
[EndTime "17:03:09 PDT"]
[Termination "chessking2151 won by resignation"]

1. d4 Nf6 2. c4 e6 3. Nc3 Bb4 4. Qc2 O-O 5. a3 Bxc3+ 6. Qxc3 b5 7. cxb5 c6 8. Qd3 cxb5 9. e4 Nc6 10. Nf3 d6 11. Qxb5 Qc7 12. Qd3 Bb7 13. Bg5 Nxe4 14. Qxe4 Nb4 15. Qb1 Nc2+ 16. Kd2 Nxa1 17. Qxa1 Bxf3 18.
gxf3 Qa5+ 0-1

[Event "*** Titled Tuesday Blitz"]
[Site "Chess.com"]
[Date "2019.09.03"]
[Round "9"]
[White "plumalka"]
[Black "adriangschnitzer"]
[Result "1-0"]
[WhiteElo "2344"]
[BlackElo "2514"]
[TimeControl "180+2"]
[EndTime "17:03:12 PDT"]
[Termination "plumalka won by resignation"]

1. e4 c6 2. d4 d5 3. e5 c5 4. dxc5 Nc6 5. Nf3 Bg4 6. Be2 e6 7. Be3 Qa5+ 8. c3 O-O-O 9. O-O Qc7 10. Bd4 Bxf3 11. Bxf3 Nxe5 12. b4 Nf6 13. a4 Kb8 14.
Na3 a6 15. Re1 Nxf3+ 16. Qxf3 Ne4 17. c4 Nd2 18. Qc3 f6 19. Qxd2 e5 20. Bb2 d4 21. f4 g5 22. fxe5 fxe5 23. Qxg5 Re8 24. Bxd4 Be7 25. Qxe5 1-0

[Event "*** Titled Tuesday Blitz"]
[Site "Chess.com"]
[Date "2019.09.03"]
[Round "9"]
[White "kosmeg"]
[Black "matiss90"]
[Result "0-1"]
[WhiteElo "2422"]
[BlackElo "2546"]
[TimeControl "180+2"]
[EndTime "17:03:27 PDT"]
[Termination "matiss90 won by resignation"]

1. d4 Nf6 2. c4 g6 3. Nc3 Bg7 4. e4 O-O 5. Be2 d6 6. Bg5 h6 7. Be3 e5 8. d5 a5 9. g4 Na6 10. h4 Nc5 11. f3 c6 12. h5 g5 13. Nh3 a4 14. O-O Nxh5 15. Nxg5 Nf4 16. Bxf4 exf4 17.
Nh3 a3 18. b4 Qh4 19. bxc5 Qxh3 20. Rc1 dxc5 21. e5 Bxe5 22. Ne4 Bd4+ 23. Rf2 f5 24.
gxf5 Bxf5 0-1

[Event "*** Titled Tuesday Blitz"]
[Site "Chess.com"]
[Date "2019.09.03"]
[Round "9"]
[White "Th3ChessViking"]
[Black "Gattass"]
[Result "0-1"]
[WhiteElo "2447"]
[BlackElo "2360"]
[TimeControl "180+2"]
[EndTime "17:03:55 PDT"]
[Termination "Gattass won by resignation"]

1. d4 Nf6 2. c4 g6 3. Nc3 d5 4.
cxd5 Nxd5 5. e4 Nxc3 6. bxc3 Bg7 7. Be3 c5 8. Qd2 Qc7 9. Nf3 Nc6 10. Be2 Bg4 11.
d5 Na5 12. Rd1 O-O 13. c4 b6 14. Bf4 Qd7 15. Ne5 Bxe5 16. Bxe5 Bxe2 17. Qxe2 Qa4 18.
Rc1 Qb4+ 19. Bc3 Qxc4 20. Bxa5 Qxc1+ 0-1

[Event "*** Titled Tuesday Blitz"]
[Site "Chess.com"]
[Date "2019.09.03"]
[Round "9"]
[White "Niclox"]
[Black "Mr_Penings"]
[Result "1-0"]
[WhiteElo "2655"]
[BlackElo "2518"]
[TimeControl "180+2"]
[EndTime "17:04:14 PDT"]
[Termination "Niclox won by checkmate"]

1. e4 c5 2. Nf3 e6 3. d4 cxd4 4.
Nxd4 a6 5. Nc3 Qc7 6. g3 Bb4 7. Qd3 Nf6 8. Bg2 O-O 9. O-O Nc6 10. Nxc6 dxc6 11. Bg5 Be7 12. f4 e5 13. fxe5 Ng4 14.
Bxe7 Qxe7 15. Qd6 Qxe5 16. Rad1 Qh5 17. h3 Ne3 18. g4 Qg6 19. Qe7 Nxf1 20. Rd8 Be6 21.
Qxf8# 1-0

[Event "*** Titled Tuesday Blitz"]
[Site "Chess.com"]
[Date "2019.09.03"]
[Round "9"]
[White "yiy1156"]
[Black "TreabharMakernes"]
[Result "1-0"]
[WhiteElo "2563"]
[BlackElo "2362"]
[TimeControl "180+2"]
[EndTime "17:05:11 PDT"]
[Termination "yiy1156 won by resignation"]

1. e4 e5 2. Nf3 Nc6 3. Bb5 Nge7 4. O-O g6 5. c3 a6 6. Ba4 Bg7 7. d4 exd4 8. cxd4 b5 9. Bb3 O-O 10. Nc3 d6 11. h3 Na5 12. Bc2 c5 13. Re1 Nec6 14.
Bg5 Qb6 15. Nd5 Qa7 16. dxc5 dxc5 17. e5 Be6 18. Nf6+ Kh8 19. Qd2 Nb4 20. Be4 Rac8 21. Qf4 h5 22. Qh4 Bxf6 23. Bxf6+ Kg8 24. Qg5 1-0

[Event "*** Titled Tuesday Blitz"]
[Site "Chess.com"]
[Date "2019.09.03"]
[Round "9"]
[White "bluejay1897"]
[Black "Svet99"]
[Result "1-0"]
[WhiteElo "2298"]
[BlackElo "2151"]
[TimeControl "180+2"]
[EndTime "17:05:13 PDT"]
[Termination "bluejay1897 won by resignation"]

1. Nf3 d5 2. g3 Nf6 3. Bg2 c6 4. O-O Bf5 5. c4 Nbd7 6. d4 e6 7. Nbd2 Be7 8. b3 O-O 9. Bb2 a5 10. a3 a4 11. b4 dxc4 12. Nxc4 Be4 13. Rc1 Bd5 14. Ncd2 Ne4 15. Re1 Nxd2 16. Qxd2 Nf6 17. e3 Ne4 18. Qd3 Nd6 19. e4 Bb3 20. Nd2 Nb5 21. h4 Bf6 22. e5 Be7 23. Nxb3 axb3 24. Ra1 Qb6 25. Re4 Rfd8 26. h5 c5 27. bxc5 Bxc5 28. dxc5 Rxd3 29. cxb6 Rd2 30. Rb1 Nxa3 31. Bxa3 Rxa3 32. Rb4 Rd3 33. Bxb7 1-0

[Event "*** Titled Tuesday Blitz"]
[Site "Chess.com"]
[Date "2019.09.03"]
[Round "9"]
[White "mortngabriel"]
[Black "Potosino1970"]
[Result "0-1"]
[WhiteElo "2328"]
[BlackElo "2551"]
[TimeControl "180+2"]
[EndTime "17:05:23 PDT"]
[Termination "Potosino1970 won by checkmate"]

1. e4 d6 2. d4 Nf6 3. Nc3 Nbd7 4.
Nf3 e5 5. Rg1 c6 6. g4 g6 7. Be3 Bg7 8. Qd2 O-O 9. O-O-O b5 10. dxe5 dxe5 11. g5 Nh5 12. Be2 Nf4 13. Bxf4 exf4 14.
Nd4 Qb6 15. Nxc6 Qxc6 16. Bxb5 Qb7 17. Bxd7 Rb8 18. b3 Qb4 19. Na4 Qa3+ 20. Kb1 Rb4 21. Bxc8 Rxa4 22. bxa4 Qb2# 0-1

[Event "*** Titled Tuesday Blitz"]
[Site "Chess.com"]
[Date "2019.09.03"]
[Round "9"]
[White "a_kandil"]
[Black "Gubajdullin"]
[Result "0-1"]
[WhiteElo "2424"]
[BlackElo "2599"]
[TimeControl "180+2"]
[EndTime "17:05:24 PDT"]
[Termination "Gubajdullin won by resignation"]

1. e4 c6 2. d4 d5 3. exd5 cxd5 4. c4 Nf6 5. Nc3 e6 6. Nf3 Bb4 7. cxd5 Nxd5 8. Bd2 Nc6 9. Bc4 Nf6 10. O-O O-O 11.
a3 Be7 12. Bg5 h6 13. Bh4 Nh5 14. Bxe7 Nxe7 15. Ne5 Nf4 16. Qd2 Neg6 17. Nxg6 fxg6 18. Rad1 b5 19. Bxb5 Bb7 20. f3 Qg5 21. Bc4 Rad8 22. Ne4 Bxe4 23. fxe4 Rxd4 24. Bxe6+ Kh7 25. Qc2 Rxd1 26.
Rxd1 Nh3+ 27. Kh1 Nf2+ 28. Kg1 Nxd1 29. Qxd1 Qe3+ 30. Kh1 Qxe4 31. Bb3 Re8 32. h3 Qf4 33. Bc4 Qxc4 34. Qd7 Qc1+ 35. Kh2 Qf4+ 36. g3 Qf2+ 0-1

[Event "*** Titled Tuesday Blitz"]
[Site "Chess.com"]
[Date "2019.09.03"]
[Round "9"]
[White "becemix"]
[Black "INLOVEWITHF"]
[Result "1-0"]
[WhiteElo "2414"]
[BlackElo "2295"]
[TimeControl "180+2"]
[EndTime "17:05:25 PDT"]
[Termination "becemix won on time"]

1. e4 e5 2. Nc3 Nf6 3. g3 Bc5 4. Bg2 c6 5. Nge2 d5 6. exd5 cxd5 7. d4 exd4 8. Nxd4 O-O 9. O-O Nc6 10. Nb3 Bb6 11.
Bg5 Be6 12. Bxf6 Qxf6 13. Nxd5 Bxd5 14. Qxd5 Qxb2 15. Be4 Qe5 16. Qd3 Rad8 17. Qf3 Rd6 18.
Rae1 Rf6 19. Qd3 Qh5 20. Kg2 Ne5 21. Qd5 Bc7 22. f4 Rd8 23. Qxb7 Rh6 24. h4 Ng6 25. Qxc7 Nxh4+ 26. Kf2 Rhd6 27. Rh1 1-0

[Event "*** Titled Tuesday Blitz"]
[Site "Chess.com"]
[Date "2019.09.03"]
[Round "9"]
[White "ChristopherYoo"]
[Black "laboratorio25"]
[Result "1-0"]
[WhiteElo "2583"]
[BlackElo "2411"]
[TimeControl "180+2"]
[EndTime "17:05:44 PDT"]
[Termination "ChristopherYoo won by resignation"]

1. e4 c5 2. Nf3 d6 3. d4 cxd4 4. Nxd4 Nf6 5. Nc3 g6 6. Be3 Bg7 7. f3 Nc6 8. Qd2 O-O 9. O-O-O d5 10. Qe1 e5 11. Nxc6 bxc6 12. exd5 Nxd5 13. Bc4 Be6 14. Kb1 Rb8 15. Bb3 a5 16. Ne4 Qc7 17. Bc5 Rfd8 18.
g4 h6 19. g5 h5 20. Rg1 Qb7 21. Qxa5 Ra8 22. Qe1 Qb5 23. c4 Qa6 24. cxd5 cxd5 25. Nf6+ Bxf6 26. gxf6 Bf5+ 27. Ka1 Rdc8 28. Qe3 d4 29.
Qxe5 Qa5 30. Qxf5 1-0

[Event "*** Titled Tuesday Blitz"]
[Site "Chess.com"]
[Date "2019.09.03"]
[Round "9"]
[White "Ali_rastbod"]
[Black "SanchezKelvin"]
[Result "1-0"]
[WhiteElo "2703"]
[BlackElo "2432"]
[TimeControl "180+2"]
[EndTime "17:05:49 PDT"]
[Termination "Ali_rastbod won by resignation"]

1. c4 Nf6 2. Nf3 g6 3. b3 Bg7 4. Bb2 O-O 5. g3 c5 6. Bg2 d6 7. O-O Nc6 8. d4 Nd7 9. e3 Nb6 10. h3 Bf5 11. Nc3 a5 12. d5 Ne5 13. Nxe5 Bxe5 14.
e4 Bd7 15. Qd2 a4 16. Ne2 Bxb2 17. Qxb2 Qc8 18. Kh2 f6 19. f4 Rf7 20. e5 Bf5 21. e6 Rg7 22. Qc3 h5 23. Bf3 Rh7 24. Kg2 g5 25. fxg5 fxg5 26. Bxh5 Bxh3+ 27. Kxh3 Rxh5+ 28. Kg4 Rh7 29. Rh1 Qf8 30. Rxh7 Kxh7 31. Rh1+ Kg6 32. Qd3+ Kg7 33. Rh7+ 1-0

[Event "*** Titled Tuesday Blitz"]
[Site "Chess.com"]
[Date "2019.09.03"]
[Round "9"]
[White "MathiasWomacka"]
[Black "Kazmin_Dmitrij"]
[Result "1-0"]
[WhiteElo "2204"]
[BlackElo "2288"]
[TimeControl "180+2"]
[EndTime "17:06:00 PDT"]
[Termination "MathiasWomacka won by resignation"]

1. e4 c5 2. Nf3 d6 3. d4 cxd4 4. Nxd4 Nf6 5. Nc3 Nc6 6. Be2 Bd7 7. O-O g6 8. Nb3 Bg7 9. Re1 O-O 10. Bf1 Rc8 11. Bg5 Ne5 12. Nd5 Nxd5 13. exd5 h6 14.
Bh4 g5 15. Bg3 Ng6 16. c3 a6 17. Bd3 Ne5 18. Bc2 Nc4 19. Rb1 b5 20. Nd4 Rc5 21.
Nf5 Bxf5 22. Bxf5 Ne5 23. h4 Qa8 24. hxg5 hxg5 25. Qh5 Ng6 26. Bxg6 fxg6 27. Qxg6 Qxd5 28. Rxe7 Rf7 29. Re8+ Rf8 30. Rxf8+ Kxf8 31. Bxd6+ Kg8 32. Bxc5 Qxc5 33. Re1 1-0

[Event "*** Titled Tuesday Blitz"]
[Site "Chess.com"]
[Date "2019.09.03"]
[Round "9"]
[White "SelfishShellfish"]
[Black "TheFireChess"]
[Result "0-1"]
[WhiteElo "2215"]
[BlackElo "2507"]
[TimeControl "180+2"]
[EndTime "17:06:15 PDT"]
[Termination "TheFireChess won by checkmate"]

1. e4 c6 2. d4 d5 3. e5 c5 4.
dxc5 Nc6 5. f4 Nh6 6. Be3 Bg4 7. Qd2 e6 8. c3 a5 9. Na3 Be7 10. Nb5 O-O 11. h3 Bh5 12. g4 Bg6 13. Nf3 Be4 14. Bg2 f6 15. exf6 gxf6 16. f5 Nf7 17.
fxe6 Nfe5 18. Nxe5 Bxg2 19. Nxc6 bxc6 20. Qxg2 cxb5 21.
O-O-O Qc7 22. Rxd5 Ra6 23. Rd7 Qe5 24. Rxe7 Qxe3+ 25.
Qd2 Qxc5 26. Qd7 Qg5+ 27. Kb1 b4 28. cxb4 axb4 29. Ka1 b3 30. a3 Rxa3+ 31. bxa3 Qe5+ 32. Kb1 Qe4+ 33. Kb2 Qc2+ 34. Ka1 Qa2# 0-1

[Event "*** Titled Tuesday Blitz"]
[Site "Chess.com"]
[Date "2019.09.03"]
[Round "9"]
[White "temus_galaktionov"]
[Black "albano87"]
[Result "1-0"]
[WhiteElo "2587"]
[BlackElo "2100"]
[TimeControl "180+2"]
[EndTime "17:06:21 PDT"]
[Termination "temus_galaktionov won by resignation"]

1. d4 d5 2. Nf3 Nf6 3. c4 e6 4. Nc3 Be7 5. Bf4 O-O 6. e3 b6 7. Bd3 Ba6 8. cxd5 Nxd5 9. Nxd5 Qxd5 10. O-O c5 11. Bxa6 Nxa6 12. Qa4 Qb7 13. Rac1 cxd4 14. Nxd4 Nc5 15. Qc6 Qxc6 16. Nxc6 Bf6 17. b4 Nd3 18. Rcd1 Nxf4 19. exf4 a6 20. Rd6 Rac8 21. Rfd1 b5 22. g4 h6 23. Kg2 Rc7 24. Na5 Be7 25. Rxa6 Bxb4 26. Nc6 Bc5 27. Rc1 Bd6 28. Rb1 Bxf4 29. Rxb5 Rfc8 30. Nd4 Rc4 31. Ne2 e5 32. Rba5 Kh7 33.
Ra7 Kg6 34. h4 Bd2 35. Rxe5 Rc2 36. h5+ Kf6 37. Rf5+ Ke6 38. Rfxf7 Bg5 39. Nd4+ 1-0

[Event "*** Titled Tuesday Blitz"]
[Site "Chess.com"]
[Date "2019.09.03"]
[Round "9"]
[White "Cukiero"]
[Black "KL31"]
[Result "1-0"]
[WhiteElo "2413"]
[BlackElo "2499"]
[TimeControl "180+2"]
[EndTime "17:06:27 PDT"]
[Termination "Cukiero won by resignation"]

1. c4 Nf6 2. Nc3 e5 3. g3 d5 4. cxd5 Nxd5 5. Bg2 Nb6 6. Nf3 Nc6 7. d3 Be7 8. O-O O-O 9. a3 Re8 10. b4 Bf8 11. Bb2 a5 12. b5 Nd4 13. e3 Nxf3+ 14. Bxf3 a4 15. Rc1 Bf5 16. Be4 Bxe4 17. Nxe4 Rc8 18. Qc2 Qd5 19. Nc3 Qb3 20. Qxb3 axb3 21.
a4 Bb4 22. Ra1 Ra8 23. Rfc1 Red8 24. d4 exd4 25. exd4 Rxd4 26. Na2 Rd2 27. Nxb4 Rxb2 28. a5 Rd2 29. axb6 Rxa1 30. Rxa1 f6 31. bxc7 1-0

[Event "*** Titled Tuesday Blitz"]
[Site "Chess.com"]
[Date "2019.09.03"]
[Round "9"]
[White "IMTominho"]
[Black "VladDobrov"]
[Result "1-0"]
[WhiteElo "2725"]
[BlackElo "2869"]
[TimeControl "180+2"]
[EndTime "17:06:33 PDT"]
[Termination "IMTominho won on time"]

1. d4 Nf6 2. c4 e6 3. Nf3 c5 4. d5 exd5 5. cxd5 Bd6 6. Nc3 Bc7 7. e4 d6 8. Bd3 a6 9. a4 O-O 10. h3 Nbd7 11. O-O Re8 12. Bf4 Nf8 13. Bh2 Ng6 14.
Nd2 Rb8 15. Qc2 Bd7 16. Nc4 Qe7 17. a5 Bb5 18. Nd2 Bxd3 19. Qxd3 Nd7 20. Qc2 Qf6 21. f4 b5 22. axb6 Rxb6 23. Kh1 Reb8 24. Nc4 Rb4 25. e5 dxe5 26. fxe5 Qh4 27. Qf5 Rxc4 28. Qxf7+ Kh8 29. Qxd7 Bxe5 30. Bxe5 Nxe5 31. Qd6 1-0

[Event "*** Titled Tuesday Blitz"]
[Site "Chess.com"]
[Date "2019.09.03"]
[Round "9"]
[White "ElGasanov"]
[Black "gena217"]
[Result "0-1"]
[WhiteElo "2685"]
[BlackElo "2909"]
[TimeControl "180+2"]
[EndTime "17:06:34 PDT"]
[Termination "gena217 won by resignation"]

1. e4 c6 2. d3 d5 3. Nd2 e5 4. Ngf3 Bd6 5. g3 f5 6. Bg2 Nf6 7. O-O O-O 8. Re1 Re8 9. c3 a5 10. b3 Na6 11. Qc2 Nc5 12. exd5 e4 13. dxe4 fxe4 14.
Nd4 cxd5 15. Bf1 Ng4 16. Bb5 Rf8 17. Re2 Ne5 18. Ba3 Bg4 19. Bxc5 Bxc5 20. Re3 Rc8 21. Qb2 Qf6 22. Nf1 Bxd4 23. cxd4 Nf3+ 24. Kh1 Bh3 25. Be2 Ne1 26. f4 exf3 27. Rxe1 Bg2+ 28. Kg1 f2+ 29. Kxg2 fxe1=Q 0-1

[Event "*** Titled Tuesday Blitz"]
[Site "Chess.com"]
[Date "2019.09.03"]
[Round "9"]
[White "PchelkinVK"]
[Black "13MiRacLe"]
[Result "0-1"]
[WhiteElo "2477"]
[BlackElo "2686"]
[TimeControl "180+2"]
[EndTime "17:06:35 PDT"]
[Termination "13MiRacLe won on time"]

1. d4 Nf6 2. Nc3 d5 3. Bf4 e6 4. a3 c5 5. e3 Be7 6. Nf3 O-O 7. dxc5 Bxc5 8. Bd3 Nc6 9. Bg5 Be7 10. O-O Bd7 11.
Qe2 Rc8 12. Rad1 h6 13. Bh4 Qb6 14. Rb1 Rfd8 15. Rfd1 Be8 16. e4 d4 17. e5 Nxe5 18. Nxe5 dxc3 19. bxc3 Qc7 20. c4 b6 21. Bxf6 Bxf6 22.
Ng4 Bd4 23. Qe4 Kf8 24. Be2 Bc6 25. Qh7 Qf4 26. h3 Be4 0-1

[Event "*** Titled Tuesday Blitz"]
[Site "Chess.com"]
[Date "2019.09.03"]
[Round "9"]
[White "Al_Shima"]
[Black "JussupowFan"]
[Result "1-0"]
[WhiteElo "2443"]
[BlackElo "2196"]
[TimeControl "180+2"]
[EndTime "17:06:36 PDT"]
[Termination "Al_Shima won by resignation"]

1. b3 e5 2. Bb2 Nc6 3. e3 Nf6 4. Bb5 e4 5. d3 exd3 6. cxd3 d5 7.
Bxc6+ bxc6 8. Ne2 Bd6 9. Nbc3 O-O 10. Rc1 Qe7 11. Na4 c5 12. Qc2 Nd7 13. Ba3 Ba6 14. Kd2 c4 15. Bxd6 Qxd6 16. d4 c5 17.
Nxc5 Nxc5 18. dxc5 Qxc5 19. Nd4 Rac8 20. Qc3 Rfe8 21. b4 Qd6 22. Ke2 Qg6 23. Kf1 Rcd8 24. Kg1 Bc8 25. h3 Bf5 26. Kh2 Be4 27. Rhg1 Re5 28.
Nc6 Qd6 29. Nxe5 f6 30. f4 fxe5 31. Qxe5 Qxe5 32. fxe5 Re8 33. Rgf1 Rxe5 34. Rc3 Rg5 35. Rf2 h5 36. a4 Rg6 37. b5 Rb6 38. Rb2 a6 39. Kg3 axb5 40. Rxb5 Ra6 41. a5 Kf7 42. Rb7+ Kf6 43. Rb6+ Rxb6 44. axb6 d4 45. exd4 Bd5 46.
Rxc4 1-0